 Dungeon Crawl Stone Soup version 0.21-a0-210-gbfa5647 (webtiles) character file.

116 Gorglomux the Skirmisher (level 5, 0/46 HPs)
             Began as a Hill Orc Conjurer on Aug 21, 2017.
             Slain by an orc wizard
             ... wielding a +0 dagger
              (3 damage)
             ... on level 3 of the Dungeon.
             The game lasted 00:05:09 (3192 turns).

Gorglomux the Skirmisher (Hill Orc Conjurer)        Turns: 3192, Time: 00:05:10

Health: 0/46       AC:  2    Str: 15    XL:     5   Next: 1%
Magic:  0/7        EV: 17    Int: 15    God:
Gold:   103        SH:  0    Dex: 16    Spells: 6/7 levels left

rFire    . . .     SeeInvis .   k - +0 hand axe
rCold    . . .     Gourm    .   (no shield)
rNeg     . . .     Faith    .   a - +0 robe
rPois    .         Spirit   .   (no helmet)
rElec    .         Reflect  .   (no cloak)
rCorr    .         Harm     .   (no gloves)
MR       .....                  (no boots)
Stlth    +++.......             (no amulet)
HPRegen  0.15/turn              S - +3 ring of strength
MPRegen  0.10/turn              (no ring)

@: agile
A: no striking features
a: no special abilities


You were on level 3 of the Dungeon.
You were not hungry.

You visited 1 branch of the dungeon, and saw 4 of its levels.

You collected 103 gold pieces.

Inventory:

Hand Weapons
 k - a +0 hand axe (weapon)
Armour
 a - a +0 robe (worn)
Jewellery
 S - a +3 ring of strength (left hand)
Scrolls
 P - a scroll of blinking {unknown}
 Q - a scroll of remove curse
 R - 2 scrolls of identify
 U - a scroll of teleportation {unknown}
 V - a scroll of fear {unknown}
 X - 2 scrolls of immolation
 Z - 2 scrolls of enchant weapon {unknown}
Potions
 f - a potion of haste
 h - a potion of agility
 o - a potion of berserk rage {unknown}
 T - a potion of mutation {unknown}
Books
 b - a book of Conjurations

   Spells                             Type                      Level
   a - Magic Dart                     Conjuration                  1
   b - Searing Ray                    Conjuration                  2
   c - Dazzling Spray                 Conjuration/Hexes            3
   d - Fulminant Prism                Conjuration/Hexes            4
   e - Force Lance                    Conjuration/Translocation    4
   f - Iskenderun's Mystic Blast      Conjuration                  4
Comestibles
 c - 5 bread rations
 W - a fruit


   Skills:
 + Level 4.2 Fighting
 + Level 3.3 Axes
 - Level 1.5 Dodging
 - Level 1.5 Stealth
 - Level 1.5 Spellcasting
 - Level 4.0 Conjurations


You had 6 spell levels left.
You knew the following spells:

 Your Spells              Type           Power        Failure   Level  Hunger
a - Magic Dart            Conj           ##..         4%          1    ##.....


Dungeon Overview and Level Annotations

Branches:
Dungeon (4/15)
 Temple: D:4-7

Altars:
Kikubaaqudgha
Vehumet


Message History

* * * don't die
* * * You closely miss the orc wizard!
The orc wizard is almost dead!
The orc wizard hits you but does no damage!
Butt: Magic Dart
Confirm with ! or Enter, or press ? or * to list all spells!
Aiming: Magic Dart
Press: ? - help, Shift-Dir - straight line, f/p - orc wizard
Aim: an orc wizard, wielding a dagger and wearing a robe (almost butt, fast)
The magic dart hits the orc wizard!
The orc wizard is almost dead!
The orc wizard hits you with a dagger! * * * don't die
* * * The orc wizard hits you with a dagger! * * * don't die
* * * Unknown command!
It was a potion of agility!
You feel agile all of a sudden!
The orc wizard hits you with a dagger! rip

######.#........###.#....
#......#............####.
#......#........#########
#......#........# #....
#......#........# #.##.
#........######## #.##.
#######..# #.### #o.#
#.### ##@# #.... ###
####. #. #. ##


You could see an orc wizard.

Vanquished Creatures
  An orc priest (D:4)
  4 adders
  An ooze (D:1)
  A worm (D:2)
  A leopard gecko (D:1)
  An orc (D:3)
  2 giant cockroaches (D:3)
  5 goblins
  5 hobgoblins
  6 bats
  3 frilled lizards (D:1)
  8 kobolds
  8 rats
46 creatures vanquished.

Notes
Turn   | Place    | Note
-------+----------+-------------------------------------------
     0 | D:1      | Gorglomux the Hill Orc Conjurer began the quest for the Orb.
     0 | D:1      | Reached XP level 1. HP: 14/14 MP: 3/3
   107 | D:1      | Reached skill level 1 in Fighting
   248 | D:1      | Reached XP level 2. HP: 14/24 MP: 0/4
  1001 | D:1      | Reached skill level 3 in Fighting
  1001 | D:1      | Reached XP level 3. HP: 17/31 MP: 1/5
  1443 | D:2      | Reached skill level 1 in Axes
  1681 | D:2      | Found an ancient bone altar of Kikubaaqudgha.
  2467 | D:3      | Reached XP level 4. HP: 20/38 MP: 0/6
  2714 | D:3      | Found a radiant altar of Vehumet.
  3168 | D:4      | Reached skill level 3 in Axes
  3168 | D:4      | Reached XP level 5. HP: 31/46 MP: 0/7
  3192 | D:3      | Slain by an orc wizard

Vault maps used:
D:1:      saegor_arrival_miasma
D:2:      kiku_gazebo_pond_becter
D:3:      overflow_temple_1_default, first_bread
D:4:      cheibriados_altar_1, lightli_temple_of_fire, kennysheep_mini_moat,
          xom_teletrap_fun

Skill      XL: |  1  2  3  4 |
---------------+-------------+-----
Fighting       | 2 3 4 |  4.2
Axes           | 2 3 |  3.3
Dodging        | |  1.5
Stealth        | |  1.5
Spellcasting   | |  1.5
Conjurations   | |  4.0

Action                   |  1- 3 |  4- 6 || total
-------------------------+-------+-------++-------
Melee: Unarmed           |     7 |       ||     7
       Dagger            |    15 |       ||    15
       Hand axe          |    37 |    29 ||    66
 Cast: Magic Dart        |    58 |    29 ||    87
  Use: Scroll            |     4 |       ||     4
       Potion            |       |     1 ||     1
  Eat: Chunk             |     6 |     3 ||     9
Armor: Robe              |    17 |     4 ||    21
Dodge: Dodged            |    57 |    28 ||    85

Table legend:
 A = Spawn XP
 B = Non-spawn XP
 C = Spawn XP percentage of total XP
 D = Spawn monster count
 E = Non-spawn monster count
 F = Spawn count percentage of total count
 G = Total turns spent on level
                    A         B        C        D         E        F      G
               +---------+---------+-------+---------+---------+-------+---------
         Total |      11 |     156 |   6.6 |       5 |      41 |  10.9 |  3192
               +---------+---------+-------+---------+---------+-------+---------
           D:1 |       2 |      34 |   5.6 |       2 |      18 |  10.0 |  1211
           D:2 |       6 |      34 |  15.0 |       2 |       7 |  22.2 |  1024
           D:3 |       3 |      32 |   8.6 |       1 |      13 |   7.1 |   941
           D:4 |       0 |      56 |   0.0 |       0 |       3 |   0.0 |    16
               +---------+---------+-------+---------+---------+-------+---------
